| TOP OF THE 1ST |
|
Elizabethton Twins batting - Pitching for Greeneville Astros : LHP Manny Muniz
|
|
Pitching: LHP Manny Muniz
|
|
|
Batting: RHB David McDonald
|
0-0: Foul Ball, location: 2F 0-1: Foul Ball, location: 2F 0-2: Foul Ball, location: 2F 0-2: Ball 1-2: Ground out 3-1 (Groundball, 34S, EV 91.2 MPH)
|
|
Batting: RHB Nestor Moreno
|
0-0: Ball 1-0: Ball 2-0: Called Strike 2-1: Called Strike 2-2: SINGLE (Groundball, 56D, EV 101.9 MPH)
|
|
Batting: RHB Ryan Starks
|
0-0: Called Strike Nestor Moreno is caught stealing 2nd base 2-4 0-1: Foul Ball, location: 2F 0-2: Ball 1-2: Ball 2-2: Ball 3-2: SINGLE (Groundball, 34D, EV 100.6 MPH)
|
|
Batting: RHB Ned Scovell
|
0-0: Ball 1-0: Ball 2-0: Foul Ball, location: 2F 2-1: Called Strike 2-2: Ball 3-2: Foul Ball, location: 2F 3-2: Foul Ball, location: 2F 3-2: Foul Ball, location: 2F 3-2: Base on Balls Ryan Starks to second
|
|
Batting: RHB Hisao Takei
|
0-0: Swinging Strike 0-1: Called Strike 0-2: Fielders Choice at 2nd, 6-4 (Groundball, 6, EV 103.1 MPH)
|
| Top of the 1st over - 0 runs, 2 hits, 0 errors, 2 left on base; Elizabethton 0 - Greeneville 0 |
| BOTTOM OF THE 1ST |
|
Greeneville Astros batting - Pitching for Elizabethton Twins : RHP Jose Zavala
|
|
Pitching: RHP Jose Zavala
|
|
|
Batting: RHB Bill Borden
|
0-0: Foul Ball, location: 2F 0-1: Ball 1-1: Fly out, F8 (Flyball, 8LD, EV 98.1 MPH)
|
|
Batting: LHB Bert Middleton
|
0-0: Called Strike 0-1: Called Strike 0-2: Strikes out looking
|
|
Batting: SHB Steve Ramsey
|
0-0: Ball 1-0: Called Strike 1-1: Foul Ball, location: 2F 1-2: Foul Ball, location: 2F 1-2: Fly out, F8 (Flyball, 8LXD, EV 90.6 MPH)
|
| Bottom of the 1st over - 0 runs, 0 hits, 0 errors, 0 left on base; Elizabethton 0 - Greeneville 0 |
| TOP OF THE 2ND |
|
Elizabethton Twins batting - Pitching for Greeneville Astros : LHP Manny Muniz
|
|
Batting: LHB Bill Lorimer
|
0-0: Swinging Strike 0-1: Swinging Strike 0-2: Ball 1-2: Foul Ball, location: 2F 1-2: Strikes out swinging
|
|
Batting: RHB Sergio Gomez
|
0-0: Called Strike 0-1: Ball 1-1: Ball 2-1: Foul Ball, location: 2F 2-2: Foul Ball, location: 2F 2-2: Strikes out swinging
|
|
Batting: RHB Calvin Day
|
0-0: Called Strike 0-1: Ball 1-1: SINGLE (Groundball, 6MD, EV 103.8 MPH)
|
|
Batting: RHB Braydon Garland
|
0-0: Fielders Choice at 2nd, 5-4 (Groundball, 5L, EV 85.0 MPH)
|
| Top of the 2nd over - 0 runs, 1 hit, 0 errors, 1 left on base; Elizabethton 0 - Greeneville 0 |
| BOTTOM OF THE 2ND |
|
Greeneville Astros batting - Pitching for Elizabethton Twins : RHP Jose Zavala
|
|
Batting: RHB Roberto Rios
|
0-0: Called Strike 0-1: Ball 1-1: Ball 2-1: Swinging Strike 2-2: Ball 3-2: Base on Balls
|
|
Batting: RHB Tim Williams
|
0-0: Foul Ball, location: 2F 0-1: Ball 1-1: Hit by Pitch Roberto Rios to second
|
|
Batting: RHB Jamie Walker
|
0-0: Ball 1-0: Called Strike 1-1: Fielders Choice at 3rd, U5 (Groundball, 5L, EV 100.6 MPH) Tim Williams to second
|
|
Batting: RHB Fernan Tedeschi
|
0-0: Called Strike 0-1: Called Strike 0-2: Fielders Choice at 2nd, 3-6 (Groundball, 34S, EV 87.5 MPH) Tim Williams to third
|
|
Batting: RHB Mike Brisbin
|
0-0: Called Strike 0-1: Swinging Strike 0-2: Ball 1-2: Ground out 6-3 (Groundball, 6M, EV 97.5 MPH)
|
| Bottom of the 2nd over - 0 runs, 0 hits, 0 errors, 2 left on base; Elizabethton 0 - Greeneville 0 |
| TOP OF THE 3RD |
|
Elizabethton Twins batting - Pitching for Greeneville Astros : LHP Manny Muniz
|
|
Batting: RHB David McDonald
|
0-0: Ball 1-0: Called Strike 1-1: Fly out, F6 (Line Drive, 6, EV 71.9 MPH)
|
|
Batting: RHB Nestor Moreno
|
0-0: Ball 1-0: Called Strike 1-1: Fly out, F9 (Flyball, 9LMF, EV 92.5 MPH)
|
|
Batting: RHB Ryan Starks
|
0-0: Ball 1-0: Swinging Strike 1-1: Foul Ball, location: 2F 1-2: Hit by Pitch
|
|
Batting: RHB Ned Scovell
|
0-0: Ball 1-0: Ball 2-0: Called Strike 2-1: Called Strike 2-2: Ground out 4-3 (Groundball, 34, EV 93.8 MPH)
|
| Top of the 3rd over - 0 runs, 0 hits, 0 errors, 1 left on base; Elizabethton 0 - Greeneville 0 |
| BOTTOM OF THE 3RD |
|
Greeneville Astros batting - Pitching for Elizabethton Twins : RHP Jose Zavala
|
|
Batting: RHB Kenny Beall
|
0-0: Called Strike 0-1: Ball 1-1: Ball 2-1: Ground out 6-3 (Groundball, 6, EV 86.2 MPH)
|
|
Batting: RHB Bill Borden
|
0-0: Ball 1-0: Called Strike 1-1: Ball 2-1: Swinging Strike 2-2: Ground out 6-3 (Groundball, 6, EV 76.9 MPH)
|
|
Batting: LHB Bert Middleton
|
0-0: Ball 1-0: Called Strike 1-1: Ground out 5-3 (Groundball, 56, EV 90.0 MPH)
|
| Bottom of the 3rd over - 0 runs, 0 hits, 0 errors, 0 left on base; Elizabethton 0 - Greeneville 0 |
| TOP OF THE 4TH |
|
Elizabethton Twins batting - Pitching for Greeneville Astros : LHP Manny Muniz
|
|
Batting: RHB Hisao Takei
|
0-0: Called Strike 0-1: Swinging Strike 0-2: Ball 1-2: Strikes out swinging
|
|
Batting: LHB Bill Lorimer
|
0-0: Swinging Strike 0-1: Ball 1-1: Ball 2-1: SOLO HOME RUN (Flyball, 89XD, EV 96.2 MPH), Distance : 377 ft
|
|
Batting: RHB Sergio Gomez
|
0-0: Called Strike 0-1: Ground out 5-3 (Groundball, 56S, EV 93.1 MPH)
|
|
Batting: RHB Calvin Day
|
0-0: Foul Ball, location: 2F 0-1: Ball 1-1: Called Strike 1-2: Ball 2-2: Ground out 3-1 (Groundball, 34S, EV 87.5 MPH)
|
| Top of the 4th over - 1 run, 1 hit, 0 errors, 0 left on base; Elizabethton 1 - Greeneville 0 |
| BOTTOM OF THE 4TH |
|
Greeneville Astros batting - Pitching for Elizabethton Twins : RHP Jose Zavala
|
|
Batting: SHB Steve Ramsey
|
0-0: Swinging Strike 0-1: TRIPLE (Flyball, 89XD, EV 103.8 MPH)
|
|
Pinch Runner at 3rd Ryan Fridley:
|
|
|
Batting: RHB Roberto Rios
|
0-0: Ball 1-0: Fly out, F7 (Line Drive, 78M, EV 85.6 MPH)
|
|
Batting: RHB Tim Williams
|
0-0: Called Strike 0-1: Foul Ball, location: 2F 0-2: Ball 1-2: Strikes out swinging
|
|
Batting: RHB Jamie Walker
|
0-0: Ball 1-0: Ball 2-0: Swinging Strike 2-1: Ball 3-1: Swinging Strike 3-2: Ground out 5-3 (Groundball, 56S, EV 81.2 MPH)
|
| Bottom of the 4th over - 0 runs, 1 hit, 0 errors, 1 left on base; Elizabethton 1 - Greeneville 0 |
| TOP OF THE 5TH |
|
Elizabethton Twins batting - Pitching for Greeneville Astros : LHP Manny Muniz
|
|
Now in LF: Ryan Fridley
|
|
|
Now in CF: Bill Borden
|
|
|
Now in RF: Jamie Walker
|
|
|
Batting: RHB Braydon Garland
|
0-0: Called Strike 0-1: Ball 1-1: Ball 2-1: Ball 3-1: Ground out 3-1 (Groundball, 34, EV 76.9 MPH)
|
|
Batting: RHB David McDonald
|
0-0: Ball 1-0: Called Strike 1-1: Called Strike 1-2: Strikes out looking
|
|
Pitching: LHP Joe Sellick
|
|
|
Batting: RHB Nestor Moreno
|
0-0: Foul Ball, location: 2F 0-1: Swinging Strike 0-2: Foul Ball, location: 2F 0-2: Ball 1-2: Hit by Pitch
|
|
Batting: RHB Ryan Starks
|
0-0: Ball 1-0: Ball Nestor Moreno is caught stealing 2nd base 2-4
|
| Top of the 5th over - 0 runs, 0 hits, 0 errors, 0 left on base; Elizabethton 1 - Greeneville 0 |
| BOTTOM OF THE 5TH |
|
Greeneville Astros batting - Pitching for Elizabethton Twins : RHP Jose Zavala
|
|
Batting: RHB Fernan Tedeschi
|
0-0: Ball 1-0: Ball 2-0: Ground out 4-3 (Groundball, 34, EV 103.1 MPH)
|
|
Batting: RHB Mike Brisbin
|
0-0: Called Strike 0-1: Called Strike 0-2: Fly out, F8 (Flyball, 78D, EV 99.4 MPH)
|
|
Batting: RHB Kenny Beall
|
0-0: Ball 1-0: Ball 2-0: Called Strike 2-1: Called Strike 2-2: Strikes out looking
|
| Bottom of the 5th over - 0 runs, 0 hits, 0 errors, 0 left on base; Elizabethton 1 - Greeneville 0 |
| TOP OF THE 6TH |
|
Elizabethton Twins batting - Pitching for Greeneville Astros : LHP Joe Sellick
|
|
Batting: RHB Ryan Starks
|
0-0: Ball 1-0: Ball 2-0: Foul Ball, location: 2F 2-1: Ball 3-1: Ground out 5-3 (Groundball, 56, EV 85.0 MPH)
|
|
Batting: RHB Ned Scovell
|
0-0: Called Strike 0-1: Fly out, F8 (Line Drive, 8RD, EV 110.0 MPH)
|
|
Batting: RHB Hisao Takei
|
0-0: Ball 1-0: Swinging Strike 1-1: Called Strike 1-2: Strikes out looking
|
| Top of the 6th over - 0 runs, 0 hits, 0 errors, 0 left on base; Elizabethton 1 - Greeneville 0 |
| BOTTOM OF THE 6TH |
|
Greeneville Astros batting - Pitching for Elizabethton Twins : RHP Jose Zavala
|
|
Batting: RHB Bill Borden
|
0-0: Called Strike 0-1: Foul Ball, location: 2F 0-2: SINGLE (Flyball, 5D, EV 84.4 MPH)
|
|
Batting: LHB Bert Middleton
|
0-0: Foul Ball, location: 2F 0-1: Ball 1-1: 2-RUN HOME RUN (Flyball, 9LD, EV 92.5 MPH), Distance : 348 ft
|
|
Batting: LHB Ryan Fridley
|
0-0: Ground out 6-3 (Groundball, P, EV 87.5 MPH)
|
|
Batting: RHB Roberto Rios
|
0-0: Ball 1-0: Foul Ball, location: 2F 1-1: Ball 2-1: Swinging Strike 2-2: Ball 3-2: Base on Balls
|
|
Batting: RHB Tim Williams
|
0-0: Called Strike 0-1: Ball 1-1: Ball 2-1: Ground out 4-3 (Groundball, 34, EV 105.0 MPH) Roberto Rios to second
|
|
Batting: RHB Jamie Walker
|
0-0: Ball 1-0: DOUBLE (Flyball, 8RXD, EV 105.0 MPH) Roberto Rios scores
|
|
Pitching: LHP Bryce Alexander
|
|
|
Batting: RHB Fernan Tedeschi
|
0-0: Ball 1-0: Foul Ball, location: 2F 1-1: Ball 2-1: Foul Ball, location: 2F Pickoff Throw to Second - Out!
|
| Bottom of the 6th over - 3 runs, 3 hits, 0 errors, 0 left on base; Elizabethton 1 - Greeneville 3 |
| TOP OF THE 7TH |
|
Elizabethton Twins batting - Pitching for Greeneville Astros : LHP Joe Sellick
|
|
Batting: LHB Bill Lorimer
|
0-0: Called Strike 0-1: SOLO HOME RUN (Flyball, 9D, EV 101.2 MPH), Distance : 361 ft
|
|
Batting: RHB Sergio Gomez
|
0-0: Ball 1-0: Called Strike 1-1: Ball 2-1: DOUBLE (Groundball, 5L, EV 109.4 MPH)
|
|
Pitching: LHP Chase Smith
|
|
|
Batting: RHB Calvin Day
|
0-0: Called Strike 0-1: Ball 1-1: Called Strike 1-2: Foul Ball, location: 2F 1-2: Ball 2-2: Strikes out swinging
|
|
Batting: RHB Braydon Garland
|
0-0: Swinging Strike 0-1: Ball 1-1: Foul Ball, location: 2F 1-2: SINGLE (Line Drive, 4MD, EV 103.8 MPH) Sergio Gomez to third
|
|
Batting: RHB David McDonald
|
0-0: Ball 1-0: Called Strike 1-1: DOUBLE (Flyball, 8LXD, EV 90.6 MPH) Sergio Gomez scores Braydon Garland to third
|
|
Batting: RHB Nestor Moreno
|
0-0: Called Strike 0-1: Called Strike 0-2: Foul Ball, location: 2F 0-2: Ball 1-2: Ground out 5-3 (Groundball, 56S, EV 66.2 MPH)
|
|
Batting: RHB Ryan Starks
|
0-0: Called Strike 0-1: Ball 1-1: Swinging Strike 1-2: Ball 2-2: Ball 3-2: Base on Balls
|
|
Pitching: RHP Jason LaPage
|
|
|
Batting: RHB Ned Scovell
|
0-0: Ball 1-0: Ball 2-0: Foul Ball, location: 2F 2-1: Swinging Strike 2-2: Ball 3-2: SINGLE (Groundball, 56D, EV 99.4 MPH) Braydon Garland scores David McDonald to third Ryan Starks to second David McDonald scores Ryan Starks to third
|
|
Batting: RHB Hisao Takei
|
0-0: Ball 1-0: Ball 2-0: Ball 3-0: Base on Balls Ned Scovell to second
|
|
Batting: LHB Bill Lorimer
|
0-0: Ball 1-0: Ball 2-0: Ball 3-0: Called Strike 3-1: Base on Balls Ryan Starks scores Ned Scovell to third Hisao Takei to second
|
|
Batting: RHB Sergio Gomez
|
0-0: Ball 1-0: Ball 2-0: Ball 3-0: Called Strike 3-1: Foul Ball, location: 2F 3-2: Strikes out swinging
|
| Top of the 7th over - 5 runs, 5 hits, 0 errors, 3 left on base; Elizabethton 6 - Greeneville 3 |
| BOTTOM OF THE 7TH |
|
Greeneville Astros batting - Pitching for Elizabethton Twins : LHP Bryce Alexander
|
|
Batting: RHB Fernan Tedeschi
|
0-0: DOUBLE (Line Drive, 89M, EV 99.4 MPH)
|
|
Batting: RHB Mike Brisbin
|
0-0: Ball 1-0: Called Strike 1-1: Ball 2-1: Called Strike 2-2: Foul Ball, location: 2F 2-2: Strikes out swinging
|
|
Batting: RHB Kenny Beall
|
0-0: Ball 1-0: Swinging Strike 1-1: Foul Ball, location: 2F 1-2: Strikes out swinging
|
|
Batting: RHB Bill Borden
|
0-0: Called Strike 0-1: Ball 1-1: Ball 2-1: Called Strike 2-2: Ball 3-2: Foul Ball, location: 2F 3-2: Fly out, F7 (Flyball, 7, EV 76.9 MPH)
|
| Bottom of the 7th over - 0 runs, 1 hit, 0 errors, 1 left on base; Elizabethton 6 - Greeneville 3 |
| TOP OF THE 8TH |
|
Elizabethton Twins batting - Pitching for Greeneville Astros : RHP Jason LaPage
|
|
Batting: RHB Calvin Day
|
0-0: Foul Ball, location: 2F 0-1: Swinging Strike 0-2: Ball 1-2: Foul Ball, location: 2F 1-2: Strikes out swinging
|
|
Batting: RHB Braydon Garland
|
0-0: Called Strike 0-1: Ball 1-1: Foul Ball, location: 2F 1-2: Ball 2-2: Foul Ball, location: 2F 2-2: Foul Ball, location: 2F 2-2: Strikes out swinging
|
|
Pitching: RHP Marty Jackson
|
|
|
Batting: RHB David McDonald
|
0-0: Called Strike 0-1: Ball 1-1: Called Strike 1-2: Strikes out swinging
|
| Top of the 8th over - 0 runs, 0 hits, 0 errors, 0 left on base; Elizabethton 6 - Greeneville 3 |
| BOTTOM OF THE 8TH |
|
Greeneville Astros batting - Pitching for Elizabethton Twins : LHP Bryce Alexander
|
|
Now at 3B: Antonio Santos
|
|
|
Batting: LHB Bert Middleton
|
0-0: Called Strike 0-1: Foul Ball, location: 2F 0-2: Strikes out swinging
|
|
Batting: LHB Ryan Fridley
|
0-0: Called Strike 0-1: Ball 1-1: Called Strike 1-2: Strikes out looking
|
|
Batting: RHB Roberto Rios
|
0-0: Ball 1-0: Fly out, F9 (Flyball, 9, EV 84.4 MPH)
|
| Bottom of the 8th over - 0 runs, 0 hits, 0 errors, 0 left on base; Elizabethton 6 - Greeneville 3 |
| TOP OF THE 9TH |
|
Elizabethton Twins batting - Pitching for Greeneville Astros : RHP Marty Jackson
|
|
Batting: RHB Nestor Moreno
|
0-0: Ball 1-0: Foul Ball, location: 2F 1-1: Called Strike 1-2: Ball 2-2: Foul Ball, location: 2F 2-2: Foul Ball, location: 2F 2-2: Ball 3-2: Base on Balls
|
|
Batting: RHB Ryan Starks
|
0-0: Ball 1-0: Foul Ball, location: 2F 1-1: Called Strike 1-2: Foul Ball, location: 2F 1-2: Foul Ball, location: 2F 1-2: Fielders Choice at 2nd, 6-4 (Groundball, 6, EV 90.6 MPH)
|
|
Batting: RHB Ned Scovell
|
0-0: Ball 1-0: Foul Ball, location: 2F 1-1: Ball 2-1: SINGLE (Groundball, 34S, EV 60.6 MPH) (infield hit) Ryan Starks to second
|
|
Pinch Runner at 1st George Roben:
|
|
|
Batting: RHB Hisao Takei
|
0-0: Ball 1-0: Ball 2-0: Ball 3-0: Base on Balls Ryan Starks to third George Roben to second
|
|
Batting: LHB Bill Lorimer
|
0-0: Ball 1-0: Foul Ball, location: 2F 1-1: Swinging Strike 1-2: Foul Ball, location: 2F 1-2: Ball 2-2: Ball 3-2: Base on Balls Ryan Starks scores George Roben to third Hisao Takei to second
|
|
Pitching: RHP Marc Marchand
|
|
|
Batting: RHB Sergio Gomez
|
0-0: Called Strike 0-1: Called Strike 0-2: Foul Ball, location: 2F 0-2: Fielders Choice at 2nd, 5-4 (Groundball, 56, EV 89.4 MPH) George Roben scores Hisao Takei to third
|
|
Batting: RHB Antonio Santos
|
0-0: Called Strike 0-1: Foul Ball, location: 2F 0-2: Strikes out swinging
|
| Top of the 9th over - 2 runs, 1 hit, 0 errors, 2 left on base; Elizabethton 8 - Greeneville 3 |
| BOTTOM OF THE 9TH |
|
Greeneville Astros batting - Pitching for Elizabethton Twins : LHP Bryce Alexander
|
|
Now in LF: Joey Zamora
|
|
|
Batting: RHB Tim Williams
|
0-0: Ball 1-0: Ball 2-0: Ball 3-0: Base on Balls
|
|
Batting: RHB Jamie Walker
|
0-0: Ball 1-0: Foul Ball, location: 2F 1-1: Swinging Strike 1-2: Foul Ball, location: 2F 1-2: Strikes out looking
|
|
Batting: RHB Fernan Tedeschi
|
0-0: Ball 1-0: Ball 2-0: Fly out, F9 (Line Drive, 9S, EV 91.9 MPH)
|
|
Pitching: RHP Ron Didkowsky
|
|
|
Batting: RHB Mike Brisbin
|
0-0: Called Strike 0-1: Ball 1-1: Ball 2-1: Foul Ball, location: 2F 2-2: Strikes out swinging
|
| Bottom of the 9th over - 0 runs, 0 hits, 0 errors, 1 left on base; Elizabethton 8 - Greeneville 3 |
|